 Dungeon Crawl Stone Soup version 0.25.1-2-g60ff931df9 (webtiles) character file.

Game seed: 9958773017449120841

1536 Delamore the Basher (level 8, -4/49 HPs)
             Began as a Gargoyle Fighter on Sept 26, 2020.
             Slain by an orc warrior
             ... wielding a +0 battleaxe
              (24 damage)
             ... on level 6 of the Dungeon.
             The game lasted 00:05:02 (6122 turns).

Delamore the Basher (Gargoyle Fighter)              Turns: 6122, Time: 00:05:02

Health: -4/49      AC: 13    Str: 21    XL:     8   Next: 86%
Magic:  8/8        EV:  7    Int: 10    God:
Gold:   388        SH:  9    Dex:  9    Spells: 7/7 levels left

rFire    + . .     SeeInvis .   y - +1 flail (venom)
rCold    . . .     Gourm    .   c - +0 kite shield
rNeg     + . .     Faith    .   b - +0 scale mail
rPois    ∞         Spirit   .   (no helmet)
rElec    +         Reflect  .   B - +0 cloak
rCorr    .         Harm     .   (no gloves)
MR       .....                  (no boots)
Stlth    ..........             (no amulet)
HPRegen  0.16/turn              z - ring of protection from fire
MPRegen  0.11/turn              (no ring)

@: no status effects
A: negative energy resistance 1, electricity resistance, unbreathing,
petrification resistance, rot immunity, AC +5
a: no special abilities


You were on level 6 of the Dungeon.
You were not hungry.

You visited 1 branch of the dungeon, and saw 6 of its levels.
You also visited: Sewer.

You collected 388 gold pieces.

Inventory:

Hand Weapons
 a - a +0 flail
 y - a +1 flail of venom (weapon)
Missiles
 e - 8 atropa-tipped darts
 l - 13 javelins (quivered)
Armour
 b - a +0 scale mail (worn)
 c - a +0 kite shield (worn)
 B - a +0 cloak (worn)
Jewellery
 z - a ring of protection from fire (left hand)
Wands
 o - a wand of digging (6)
 C - a wand of iceblast (7)
 E - a wand of paralysis (6)
Scrolls
 g - 2 scrolls of fear
 i - a scroll of amnesia {unknown}
 j - 3 scrolls of teleportation
 n - 2 scrolls of identify
 p - a scroll of fog
 q - 2 scrolls of immolation {unknown}
 u - 6 scrolls of remove curse {unknown}
 v - 2 scrolls of noise {unknown}
 A - 5 scrolls of enchant weapon
Potions
 d - 4 potions of might
 h - 2 potions of haste
 k - 6 potions of curing
 m - a potion of cancellation {unknown}
 r - a potion of resistance {unknown}
 s - 2 potions of degeneration {unknown}
 t - a potion of stabbing {unknown}
 w - a potion of lignification {unknown}
 x - 2 potions of flight {unknown}
 D - a potion of invisibility {unknown}
Comestibles
 f - 11 rations


   Skills:
 - Level 5.0 Fighting
 + Level 8.0 Maces & Flails
 - Level 5.0 Throwing
 - Level 3.2 Armour
 - Level 5.0 Shields


You had 7 spell levels left.
You didn't know any spells.
Your spell library contained the following spells:

 Spells                   Type           Power        Failure   Level  Hunger
 Animate Skeleton         Necr           N/A          98%         1    ##.....
 Corona                   Hex            #......      98%         1    ##.....
 Pain                     Necr           #...         98%         1    ##.....
 Ensorcelled Hibernation  Hex/Ice        #.....       99%         2    ###....
 Confusing Touch          Hex            #.......     100%        3    ####...
 Dazzling Flash           Conj/Hex       #.....       100%        3    ####...
 Tukima's Dance           Hex            #.......     100%        3    ####...
 Vampiric Draining        Necr           #.........   100%        3    ####...
 Animate Dead             Necr           N/A          100%        4    #####..
 Agony                    Necr           #.......     100%        5    ######.


Dungeon Overview and Level Annotations

Branches:
Dungeon (6/15)              Sewer (visited)
 Temple: D:4-7

Altars:
Dithmenos
Fedhas
Makhleb
Ru
Sif Muna
Uskayaw

Annotations:
D:6 3 runed translucent doors, Doot's ghost, novice TeCj


Innate Abilities, Weirdness & Mutations

You are resistant to torment.
Your stone body is resilient. (AC +5)
You are immune to poison.
You resist negative energy. (rN+)
You are resistant to electric shocks. (rElec)
You can survive without breathing.
You are immune to petrification.
You are immune to rotting.


Message History

You are too injured to fight recklessly!
You are too injured to fight recklessly!
You are too injured to fight recklessly!
You are too injured to fight recklessly!
You are too injured to fight recklessly!
You are too injured to fight recklessly!
You are too injured to fight recklessly!
You are too injured to fight recklessly!
You are too injured to fight recklessly!
You are too injured to fight recklessly!
You are too injured to fight recklessly!
You are too injured to fight recklessly!
You are too injured to fight recklessly!
There is an open door here.
You see here a leopard gecko corpse.
You sock the orc warrior!
The orc warrior looks as sick as possible!
The orc warrior is almost dead.
The orc warrior hits you with a +0 battleaxe!!
You die...

........#....#....#.$....[+..
........#....+....#.!...s.+..
........#....#....#.).....+..
........##...####.#.......#..
.........#...##...#..
.........#........##
.........#..o)......
.........#..o#
.........###@##
...####.......# ... #.......#
#.......# #...(...# #########


You could see an orc warrior (extremely poisoned) and an orc.

Vanquished Creatures
  Grinder (D:4)
  2 sky beasts
  A phantom (D:5)
  A centaur (D:6)
  3 bullfrogs
  A scorpion (D:4)
  A wyvern skeleton (D:6)
  A jelly (D:6)
  A crimson imp (D:5)
  2 hounds
  An orc priest (D:5)
  Ijyb (D:4)
  5 orc wizards (D:5)
  4 worker ants
  A hound zombie (D:2)
  2 hound skeletons (D:4)
  2 worker ant zombies (D:5)
  7 gnolls
  3 adders
  2 oozes
  An adder skeleton (D:4)
  3 worms
  A dart slug (D:4)
  6 leopard geckos
  11 orcs
  7 bats
  10 giant cockroaches
  A goblin (D:3)
  8 hobgoblins
  9 jackals (D:1)
  5 kobolds
  2 quokkas
  6 ball pythons
  12 frilled lizards
  A leopard gecko skeleton (D:4)
  10 rats
135 creatures vanquished.

Notes
Turn   | Place    | Note
-------+----------+-------------------------------------------
     0 | D:1      | Delamore the Gargoyle Fighter began the quest for the Orb.
     0 | D:1      | Reached XP level 1. HP: 14/14 MP: 1/1
   440 | D:1      | Reached XP level 2. HP: 11/19 MP: 2/2
  1404 | D:2      | Reached XP level 3. HP: 24/24 MP: 3/3
  1471 | D:2      | Found a hide-covered altar of Uskayaw.
  1492 | D:2      | Reached XP level 4. HP: 24/29 MP: 4/4
  1737 | D:2      | Found a burning altar of Makhleb.
  1884 | D:2      | Reached skill level 1 in Throwing
  1989 | D:2      | Found a blossoming altar of Fedhas.
  1992 | D:2      | Found a shimmering blue altar of Sif Muna.
  2217 | D:3      | Reached skill level 3 in Maces & Flails
  2767 | D:3      | Noticed a bullfrog
  2781 | D:3      | Reached XP level 5. HP: 29/33 MP: 5/5
  3153 | D:3      | Found a sacrificial altar of Ru.
  3516 | D:4      | Noticed Ijyb
  3529 | D:4      | Killed Ijyb
  3529 | D:4      | Reached XP level 6. HP: 38/39 MP: 6/6
  3608 | D:4      | Found a glowing drain.
  3620 | D:4      | Reached skill level 5 in Shields
  3625 | Sewer    | Entered a sewer
  3862 | Sewer    | Reached skill level 5 in Fighting
  3926 | Sewer    | Reached skill level 4 in Maces & Flails
  3926 | Sewer    | Reached XP level 7. HP: 44/44 MP: 7/7
  4178 | D:4      | Noticed Grinder
  4185 | D:4      | Killed Grinder
  4185 | D:4      | Reached skill level 5 in Maces & Flails
  4479 | D:5      | Entered Level 5 of the Dungeon
  4515 | D:5      | Reached XP level 8. HP: 44/49 MP: 8/8
  4857 | D:5      | Reached skill level 6 in Maces & Flails
  5041 | D:5      | Found a shadowy altar of Dithmenos.
  5716 | D:5      | Reached skill level 5 in Throwing
  5823 | D:6      | Found a runed translucent gate.
  5823 | D:6      | Found a runed translucent gate.
  5823 | D:6      | Found a runed translucent gate.
  5823 | D:6      | Noticed Doot's ghost (novice TeCj)
  5850 | D:6      | Reached skill level 7 in Maces & Flails
  6116 | D:6      | Reached skill level 8 in Maces & Flails
  6122 | D:6      | Slain by an orc warrior

Illustrated notes

Levels and vault maps discovered:
D:1:      heliophobic_arrival_battle_scene, layout_loops_ring,
          minmay_tetromino_l2
D:2:      layout_loops_ring, overflow_temple_1_default, lemuel_round_altar,
          minitemple
D:3:      minmay_razor_zed, layout_loops_corners, nicolae_ru_awakened_eye,
          first_ration
D:4:      layout_basic, cheibrodos_sewer_entry_bend, minmay_between,
          uniq_grinder, uniq_ijyb
D:5:      layout_basic, grunt_dithmenos_smoke_and_mirrors,
          minmay_a_box_with_orc_wizards_in_it
D:6:      layout_gridville, fiery_altar_vehumet, minmay_temple_entry_mini_moons,
          gammafunk_ghost_split

Skill      XL: |  1  2  3  4  5  6  7  8 |
---------------+-------------------------+-----
Fighting       | 4 5 |  5.0
Shields        | 4 5 |  5.0
Throwing       | 1 2 4 5 |  5.0
Maces & Flails | 3 4 5 8 |  8.0
Armour         | |  3.2

Action                   |  1- 3 |  4- 6 |  7- 9 || total
-------------------------+-------+-------+-------++-------
Melee: Flail             |   131 |   307 |   164 ||   602
Throw: Javelin           |       |       |     9 ||     9
  Use: Scroll            |       |     4 |     4 ||     8
  Eat: Chunk             |     2 |     9 |     7 ||    18
Armor: Scale mail        |    94 |   174 |    80 ||   348
Dodge: Dodged            |    61 |   107 |    41 ||   209
Block: Kite shield       |    94 |   179 |    80 ||   353
